AoeStats
← THL

Arena

506993301Analyzed
4v4 RM · 17d ago on Sep 16, 2026· 58m 23s· 8 players
Game mode
Random Map
Map size
Large (8 player)
Population
200
Speed
Normal
Resources
Standard
Victory
Conquest
Starting age
Dark Age
Ending age
Imperial Age
RankedLock teamsTeams togetherTeam positionsShared explorationLock speedFull tech treeHidden civsTurbo modeCheats
Victory
Defeat
🇺🇸 Ethiopians · United States
1726
+10
🇦🇹 Cumans · Austria
1707
+11
🇺🇸 Magyars · United States
1627
+14
🇺🇸 Italians · United States
1576
+16
🇨🇳 Slavs · China
1698
-17
🇳🇿 Spanish · New Zealand
1558
-12
🇩🇪 Bohemians · Germany
1550
-11
🇻🇳 Persians · Vietnam
1541
-11
drush
10:35 Feudal Age
14:06 Castle Age
11:54 Double-Bit Axe
12:03 Horse Collar
16:16 Bow Saw
20:44 Wheelbarrow
19:56 Town Watch
20:56 Gold Mining
21:06 Heavy Plow
22:51 Hand Cart
26:57 Imperial Age
25:03 Loom
25:10 Fletching
25:49 Masonry
25:41 Padded Archer Armor
25:42 Stone Mining
25:54 Bodkin Arrow
26:48 Leather Archer Armor
26:58 Ballistics
27:15 Treadmill Crane
28:15 Bracer
29:17 Chemistry
29:20 Stone Shaft Mining
29:28 Conscription
30:24 Elite Genoese Crossbowman
32:14 Ring Archer Armor
32:53 Silk Road
33:09 Pirotechnia
34:48 Hoardings
34:54 Scale Mail Armor
35:04 Forging
34:56 Squires
34:45 Arson
36:23 Two-Man Saw
36:19 Chain Mail Armor
35:27 Pikeman
36:58 Architecture
36:51 Silk Road
38:27 Plate Mail Armor
38:33 Iron Casting
41:55 Blast Furnace
41:30 Crop Rotation
42:11 Murder Holes
42:59 Coinage
42:40 Guilds
43:11 Town Patrol
44:24 Banking
KSGabriel
6:20 Loom
8:44 Feudal Age
10:17 Double-Bit Axe
10:45 Horse Collar
18:35 Wheelbarrow
22:13 Castle Age
20:30 Gold Mining
21:21 Stone Mining
23:10 Bow Saw
23:15 Heavy Plow
24:34 Hand Cart
28:48 Scale Barding Armor
32:05 Imperial Age
31:17 Chain Barding Armor
31:29 Bloodlines
31:44 Husbandry
32:17 Cavalier
34:30 Plate Barding Armor
35:23 Paladin
37:21 Gold Shaft Mining
42:42 Light Cavalry
43:46 Conscription
43:28 Corvinian Army
43:50 Elite Magyar Huszar
45:48 Hoardings
47:27 Masonry
47:27 Fletching
48:54 Bodkin Arrow
48:59 Padded Archer Armor
49:14 Recurve Bow
50:23 Parthian Tactics
50:06 Thumb Ring
52:11 Crop Rotation
52:45 Two-Man Saw
52:17 Heavy Cavalry Archer
53:04 Bracer
53:20 Leather Archer Armor
54:30 Ballistics
55:11 Chemistry
55:53 Ring Archer Armor
55:49 Caravan
57:32 Town Watch
MacesB
8:55 Feudal Age
8:43 Loom
10:23 Double-Bit Axe
10:29 Gold Mining
16:11 Horse Collar
20:30 Wheelbarrow
21:07 Forging
25:11 Castle Age
23:52 Bloodlines
24:01 Scale Barding Armor
26:17 Chain Barding Armor
26:00 Heavy Plow
26:13 Bow Saw
29:06 Iron Casting
29:00 Capped Ram
37:43 Hand Cart
40:30 Imperial Age
37:37 Light Cavalry
40:37 Stone Mining
40:34 Cavalier
41:50 Plate Barding Armor
42:16 Blast Furnace
41:49 Crop Rotation
43:52 Coinage
44:20 Siege Ram
45:32 Fletching
45:04 Paladin
45:24 Hussar
47:09 Banking
49:31 Two-Man Saw
49:01 Conscription
48:43 Steppe Husbandry
54:06 Caravan
JaM DaDDy
7:01 Loom
9:05 Feudal Age
10:27 Double-Bit Axe
12:02 Fletching
19:24 Wheelbarrow
22:43 Castle Age
20:50 Horse Collar
21:19 Gold Mining
22:46 Crossbowman
23:23 Bodkin Arrow
24:02 Padded Archer Armor
29:06 Bow Saw
34:42 Imperial Age
32:44 Heavy Plow
33:29 Gold Shaft Mining
33:13 Town Watch
34:11 Ballistics
36:26 Chemistry
36:10 Bracer
36:55 Thumb Ring
38:06 Leather Archer Armor
37:19 Arbalester
41:57 Hand Cart
44:06 Leather Archer Armor
44:19 Caravan
48:36 Ring Archer Armor
47:59 Stone Mining
51:03 Two-Man Saw
50:39 Stone Shaft Mining
52:55 Coinage
52:36 Guilds
53:14 Siege Engineers
53:00 Guard Tower
53:21 Masonry
53:14 Elite Skirmisher
54:48 Torsion Engines
55:09 Conscription
56:17 Banking
56:32 Keep
58:07 Architecture
ImprovingYeti
7:32 Loom
9:44 Feudal Age
12:42 Fletching
13:26 Padded Archer Armor
18:28 Double-Bit Axe
31:17 Castle Age
29:06 Horse Collar
32:36 Bow Saw
32:30 Heavy Plow
38:10 Wheelbarrow
40:54 Hand Cart
40:59 Stone Mining
41:00 Gold Mining
43:37 Heavy Plow
44:27 Bloodlines
44:18 Husbandry
46:00 Stone Shaft Mining
48:05 Imperial Age
47:22 Thumb Ring
47:24 Scale Barding Armor
47:29 Forging
47:50 Bodkin Arrow
48:12 Leather Archer Armor
47:18 Elite Skirmisher
48:38 Chain Barding Armor
48:27 Cavalier
50:12 Chemistry
49:33 Ballistics
49:08 Murder Holes
49:18 Bracer
49:54 Iron Casting
51:05 Plate Barding Armor
51:04 Ring Archer Armor
50:24 Paladin
52:08 Blast Furnace
52:41 Masonry
54:18 Conscription
54:20 Supremacy
55:10 Architecture
55:01 Bombard Tower
56:30 Supremacy
56:45 Hoardings
ARKINE
10:56 Feudal Age
11:39 Double-Bit Axe
14:32 Castle Age
16:19 Loom
23:53 Wheelbarrow
25:43 Gold Mining
26:41 Bow Saw
26:12 Horse Collar
28:13 Heavy Plow
28:13 Stone Mining
31:30 Imperial Age
29:04 Pikeman
29:44 Squires
31:00 Hand Cart
30:30 Town Watch
31:34 Detinets
32:39 Gold Shaft Mining
32:06 Scale Mail Armor
32:16 Forging
31:49 Capped Ram
32:51 Halberdier
34:10 Conscription
33:26 Siege Ram
35:53 Heavy Scorpion
37:55 Two-Man Saw
37:32 Chain Mail Armor
37:53 Iron Casting
38:37 Man-at-Arms
39:20 Druzhina
38:42 Elite Boyar
40:42 Siege Engineers
41:39 Chemistry
41:03 Scale Barding Armor
41:12 Bloodlines
41:03 Husbandry
42:13 Chain Barding Armor
42:54 Blast Furnace
42:54 Ballistics
42:45 Masonry
45:46 Hoardings
50:17 Light Cavalry
55:44 Fletching
55:54 Padded Archer Armor
57:13 Elite Skirmisher
58:21 Bodkin Arrow
AticAtac
10:05 Feudal Age
11:02 Double-Bit Axe
13:48 Castle Age
12:36 Horse Collar
15:32 Bow Saw
21:29 Fervor
23:00 Wheelbarrow
28:21 Imperial Age
25:39 Loom
27:58 Chemistry
26:49 Fletching
27:00 Padded Archer Armor
27:45 Hand Cart
27:53 Sanctity
27:56 Ballistics
28:28 Crossbowman
29:04 Bodkin Arrow
29:53 Bracer
30:09 Leather Archer Armor
30:01 Heavy Plow
31:27 Two-Man Saw
30:41 Arbalester
31:38 Elite Skirmisher
33:21 Ring Archer Armor
33:02 Town Watch
33:47 Siege Engineers
33:51 Wagenburg Tactics
34:07 Conscription
34:19 Houfnice
37:56 Fortified Wall
37:56 Masonry
38:07 Bombard Tower
37:57 Pikeman
39:11 Coinage
40:31 Banking
42:06 Guilds
41:20 Halberdier
42:01 Squires
42:01 Scale Mail Armor
42:12 Forging
42:29 Arson
43:01 Chain Mail Armor
42:59 Forging
43:26 Architecture
44:19 Plate Mail Armor
53:02 Iron Casting
56:40 Blast Furnace
56:57 Caravan
THL
10:35 Feudal Age
14:05 Castle Age
12:30 Double-Bit Axe
16:23 Bloodlines
17:20 Scale Barding Armor
20:21 Bow Saw
24:22 Wheelbarrow
24:30 Husbandry
26:20 Chain Barding Armor
26:34 Forging
26:23 Horse Collar
29:19 Iron Casting
31:02 Loom
31:33 Hand Cart
44:20 Imperial Age
43:40 Pikeman
44:21 Squires
45:01 Heavy Plow
46:18 Scale Mail Armor
47:14 Chain Mail Armor
48:47 Blast Furnace
49:04 Plate Mail Armor
50:18 Arson
50:21 Halberdier
53:45 Caravan
Connection lost

Rejoining the realm…

Still unreachable

The connection could not be restored.

Session expired

The server has moved on; the page needs a fresh start.